 Dungeon Crawl Stone Soup version 0.32-a0-128-g77eb882913 (webtiles) character file.

Game seed: 9411306937693874637

42 Esekla the Sneak (level 3, 0/26 HPs)
             Began as an Octopode Delver on Feb 8, 2024.
             Was an Initiate of Gozag.
             Slain by an adder (2 damage)
             ... in a sewer.
             The game lasted 00:14:10 (1320 turns).

Esekla the Sneak (Octopode Delver)                  Turns: 1320, Time: 00:14:11

Health: 0/26       AC:  1    Str: 10 (11) XL:     3   Next: 56%
Magic:  3/3        EV: 13    Int: 12 (14) God:    Gozag
Gold:   187        SH:  0    Dex: 11 (13) Spells: 2/2 levels left

rFire   . . .        a - +0 long sword
rCold   . . .        (no shield)
rNeg    . . .        (helmet restricted)
rPois   .            (no amulet)
rElec   .            (no ring)
rCorr   .            (no ring)
SInv    .            (no ring)
Will    .....        (no ring)
Stlth   +++++        (no ring)
HPRegen 0.24/turn    (no ring)
MPRegen 0.08/turn    (no ring)
                     (no ring)

%: no passive effects
@: mighty, lethally poisoned (0 -> -2)
A: almost no armour, amphibious, 8 rings, camouflage 1, gelatinous body 1,
nimble swimmer 1, tentacles
a: Renounce Religion, Potion Petition, Call Merchant, Bribe Branch


You were in a sewer.
You worshipped Gozag.
Gozag was aware of your devotion.
You visited 2 branches of the dungeon, and saw 4 of its levels.
You also visited: Sewer.

You collected 207 gold pieces.
You paid 20 gold pieces to Gozag.

Inventory:

Hand Weapons
 a - a +0 long sword (weapon)
 s - a +0 dagger
Missiles
 k - 2 poisoned darts (quivered)
Jewellery
 g - a ring of resist corrosion
Wands
 f - a wand of digging (3)
Scrolls
 b - 2 scrolls of fog
 c - a scroll of torment {unknown}
 d - a scroll of fear
 j - a scroll of poison {unknown}
 l - a scroll of enchant weapon {unknown}
 n - a scroll of brand weapon {unknown}
Potions
 e - a potion of haste


   Skills:
 * Level 3.2 Fighting
 + Level 2.0 Long Blades
 * Level 2.1 Dodging
 + Level 7.2 Stealth
 * Level 0.4 Spellcasting
 * Level 0.9 Air Magic
 * Level 1.0 Alchemy


You had 2 spell levels left.
You didn't know any spells.
Your spell library contained the following spells:

 Spells                   Type           Power      Damage    Failure   Level
 Ensorcelled Hibernation  Hex/Ice        0%         N/A       43%         2
 Swiftness                Air            2%         N/A       54%         3
 Passwall                 Erth           0%         N/A       67%         3


Dungeon Overview and Level Annotations

Branches:
Dungeon (5/15)             Temple (1/1) D:5           Sewer (1/1)

Altars:
Cheibriados
Elyvilon
Gozag
Nemelex Xobeh
Okawaru
Qazlal
Ru
Sif Muna
Trog
Uskayaw
Vehumet
Xom
Yredelemnul
Zin
The Shining One

Annotations:
D:3 Grinder
D:4 Eustachio


Innate Abilities, Weirdness & Mutations

You cannot wear most types of armour.
You are amphibious.
You can wear up to eight rings at the same time.
Your skin changes colour to match your surroundings (Stealth+).
Your rubbery body absorbs attacks. (AC +1, EV +1)
You are camouflaged when in or above water. (Stealth+)
You have tentacles for arms and can constrict up to eight enemies at once.


Message History

The plant is lightly damaged.
You constrict the plant.
A nearby plant withers and dies.
You lose your grip on the plant.
s - a +0 dagger (weapon)
You enter the shallow water.
The adder hisses angrily.
The adder bites you.
You miss the adder. Your grab misses the adder. Your squeeze misses the adder.
The adder bites you.
You are poisoned.
The adder poisons you! The adder closely misses you.
a - a +0 long sword (weapon)
You feel sick.
You closely miss the adder. Your grab misses the adder.
You feel sick. The adder completely misses you. The adder barely misses you.
You closely miss the adder. Your grab misses the adder.
You feel sick. The adder barely misses you. x2
You closely miss the adder. Your grab misses the adder.
You feel sick. The adder closely misses you.
You barely miss the adder. Your grab misses the adder.
You feel sick.
You are no longer poisoned.
The adder bites you. x2
You hit the adder. Your grab misses the adder. Your squeeze misses the adder.
The adder is moderately wounded.
The adder bites you.
* * * LOW HITPOINT WARNING * * *
You are poisoned.
The adder poisons you! The adder bites you.
* * * LOW HITPOINT WARNING * * *
It was a potion of might.
You feel very mighty all of a sudden.
* * * LOW HITPOINT WARNING * * *
You feel sick. The adder bites you but does no damage.
It was a potion of degeneration.
There was something very wrong with that liquid.
You feel weakened.
You feel dopey.
You feel clumsy.
* * * LOW HITPOINT WARNING * * *
You feel sick. The adder bites you.
You die...
Your body crumbles into a pile of gold.

######## ##########
####..PP..###PP~#.##.#
##≈≈....~...#~~P.P~~~##
##≈≈≈..PP.~.~~~..~~#~##
#≈≈≈...#~#~...~....#~####
###≈≈≈.∩.#~#)..~....~#~#.~#
#≈≈≈≈≈.∩.#~##~..######~#~~.
##≈≈≈....#~##...~~~~~#~#~.#
######~.#@####~######~#.##
#~~~~~.P#S# #~~~..~#~##.#
######.##~# #~.~.~.#~#.##
#≈≈≈..P##~# ##...~####.##
#≈≈≈P~###~# #~.~~~~~~~~~
################~~P#######
#~~~~~~~~~~~~..~....~~
##########.######~.~...~.~~
#≈≈≈≈≈≈#~##~.# ##~~~..~.~.~


You could see an adder.

Vanquished Creatures
  2 river rats (Sewer)
  A dart slug (D:4)
  A bat (D:3)
  3 giant cockroaches (D:3)
  A goblin (D:4)
  A jackal (Sewer)
  5 ball pythons
  2 frilled lizards (Sewer)
  2 kobolds
  6 rats
24 creatures vanquished.

Notes
Turn   | Place    | Note
-------+----------+-------------------------------------------
     0 | D:5      | Esekla the Octopode Delver began the quest for the Orb.
     0 | D:5      | Reached XP level 1. HP: 16/16 MP: 1/1
    33 | D:5      | Found a staircase to the Ecumenical Temple.
    41 | Temple   | Entered the Ecumenical Temple
   143 | Temple   | Became a worshipper of Gozag Ym Sagoz the Greedy
   467 | D:4      | Noticed a sleepcap
   490 | D:4      | Noticed Eustachio
   598 | D:4      | Reached XP level 2. HP: 21/21 MP: 2/2
   616 | D:3      | Noticed Grinder
   766 | D:3      | Found a glowing drain.
   770 | D:3      | Reached skill level 7 in Stealth
   783 | Sewer    | Entered a sewer
   847 | Sewer    | Reached XP level 3. HP: 8/26 MP: 3/3
  1077 | Sewer    | Noticed a brain worm
  1106 | Sewer    | Noticed a crocodile
  1148 | Sewer    | Reached skill level 1 in Alchemy
  1320 | Sewer    | Slain by an adder

Illustrated notes

Levels and vault maps discovered:
D:3:      layout_rooms, portal_sewer_entry_e, uniq_crazy_yiuf_cottage,
          uniq_grinder
D:4:      layout_basic, serial_bayou_lagoon_b, uniq_eustachio
D:5:      layout_cave_pods, nzn_wu_jian_contemplation,
          minmay_temple_entry_glass, minmay_liquid_box
Temple:   bh_familiar_temple
Sewer:    sewer_co_scattered_pipes

Skill      XL: |  1  2  3 |
---------------+----------+-----
Stealth        | 7 |  7.2
Alchemy        | 1 |  1.0
Fighting       | |  3.2
Long Blades    | |  2.0
Dodging        | |  2.1
Spellcasting   | |  0.4
Air Magic      | |  0.9

Action                     || total
---------------------------++-------
  Melee: Long sword        ||    66
         Constrict         ||    18
         Tentacles         ||    18
         Dagger            ||    13
         Punch             ||     5
    Use: Scroll            ||     1
         Potion            ||     2
   Stab: Sleeping          ||    12
 Armour: Skin              ||    28
  Dodge: Dodged            ||    57

Table legend: (Time is in decaauts)
 A = Elapsed time spent in this place.
 B = Non-inter-level travel time spent in this place.
 C = Inter-level travel time spent in this place.
 D = Time resting spent in this place.
 E = Time spent auto-exploring this place.
 F = Levels seen in this place.
 G = Mean time per level.
                   A        B        C        D        E       F      G
               +--------+--------+--------+--------+--------+-----+--------+
         Total |   1330 |   1254 |     76 |     96 |     76 |   5 |  266.0 |
       Dungeon |    708 |    705 |      3 |      0 |     50 |   3 |  236.0 |
        Temple |     76 |      3 |     73 |      0 |      0 |   1 |   76.0 |
         Sewer |    545 |    545 |      0 |     96 |     26 |   1 |  545.0 |
               +--------+--------+--------+--------+--------+-----+--------+

Top non-repeatable levels by time:
   Sewer: 545 daAuts
     D:4: 424 daAuts
     D:3: 169 daAuts
     D:5: 114 daAuts
  Temple: 76 daAuts
